 Dungeon Crawl Stone Soup version 0.30-a0-1160-g6e42c06551 (webtiles) character file.

Game seed: 18010630486282517066

23772 pokeman the Eclecticist (level 12, -4/66 HPs)
             Began as a Deep Elf Hedge Wizard on Apr 27, 2023.
             Was an Elder of Vehumet.
             Shot with an arrow by a centaur warrior (30 damage)
             ... on level 13 of the Dungeon.
             The game lasted 00:45:24 (14687 turns).

pokeman the Eclecticist (Deep Elf Hedge Wizard)    Turns: 14687, Time: 00:45:24

Health: -4/66      AC: 13    Str:  7    XL:     12   Next: 74%
Magic:  15/36      EV: 11    Int: 30    God:    Vehumet [****..]
Gold:   1042       SH:  0    Dex: 14    Spells: 29/47 levels left

rFire   . . .        o - +2 whip (venom)
rCold   . . .        (no shield)
rNeg    . . .        T - +0 acid dragon scales
rPois   +            y - +2 hat
rElec   .            k - +0 cloak
rCorr   +            Q - +2 pair of gloves {Stlth+}
SInv    .            (no boots)
Will    +....        C - amulet of regeneration
Stlth   +++          V - ring of Celaapt {Fly Int+5}
HPRegen 1.11/turn    F - ring of poison resistance
MPRegen 0.25/turn

%: no passive effects
@: flying
A: no striking features
a: Renounce Religion


You were on level 13 of the Dungeon.
You worshipped Vehumet.
Vehumet was greatly pleased with you.
You visited 2 branches of the dungeon, and saw 14 of its levels.

You collected 1582 gold pieces.
You spent 540 gold pieces at shops.

Inventory:

Hand Weapons
 o - a +2 whip of venom (weapon)
Missiles
 L - 2 curare-tipped darts
 P - 4 throwing nets
Armour
 k - a +0 cloak (worn)
 y - a +2 hat (worn)
 O - a +0 buckler
 Q - a +2 pair of gloves of stealth (worn)
 T - +0 acid dragon scales (worn)
Magical Staves
 s - a staff of poison
 x - a staff of cold
Jewellery
 l - a ring of ice
 B - a ring of ice
 C - an amulet of regeneration (around neck)
 F - a ring of poison resistance (right hand)
 G - an amulet of reflection
 R - a ring of resist corrosion
 V - the ring of Celaapt (left hand) {Fly Int+5}
   (You bought it in a shop on level 3 of the Dungeon)

   [ring of flight]

   Int:       It affects your intelligence (+5).
   Fly:       It grants you flight.
Wands
 b - a wand of iceblast (11)
 j - a wand of flame (13)
 u - a wand of polymorph (20)
 w - a wand of light (2)
Scrolls
 e - 7 scrolls of teleportation
 f - 5 scrolls of identify
 i - a scroll of fear
 m - a scroll of amnesia
 n - a scroll of acquirement {unknown}
 p - a scroll of enchant armour
 t - 2 scrolls of enchant weapon {unknown}
 v - 4 scrolls of blinking
 J - a scroll of magic mapping {unknown}
 K - 4 scrolls of brand weapon {unknown}
 U - 3 scrolls of immolation {unknown}
Potions
 a - 5 potions of lignification {unknown}
 c - 9 potions of curing
 d - 2 potions of magic
 g - 5 potions of brilliance {unknown}
 q - 2 potions of heal wounds {unknown}
 r - 5 potions of flight {unknown}
 z - a potion of berserk rage {unknown}
 E - a potion of mutation {unknown}
 I - a potion of haste
 M - 2 potions of degeneration {unknown}
 N - 3 potions of invisibility {unknown}
Miscellaneous
 h - a box of beasts


   Skills:
 - Level 4.0 Fighting
 - Level 4.1 Armour
 - Level 3.0 Dodging
 - Level 3.2 Stealth
 + Level 4.2 Shields
 * Level 18.1 Spellcasting
 + Level 10.8 Conjurations
 - Level 1.1 Summonings
 - Level 1.1 Translocations
 + Level 8.4 Fire Magic
 - Level 1.0 Ice Magic
 - Level 1.3 Air Magic
 - Level 6.0 Earth Magic
 - Level 1.4 Poison Magic
 - Level 1.0 Evocations


You had 29 spell levels left.
You knew the following spells:

 Your Spells              Type           Power      Damage    Failure   Level
a - Magic Dart            Conj           100%       1d8       1%          1
b - Mephitic Cloud        Conj/Pois/Air  53%        N/A       1%          3
c - Call Imp              Summ           66%        N/A       2%          2
d - Blink                 Tloc           66%        N/A       2%          2
e - Foxfire               Conj/Fire      100%       2x1d9     1%          1
f - Stone Arrow           Conj/Erth      100%       3d13      1%          3
g - Iron Shot             Conj/Erth      33%        9d7       3%          6

Your spell library contained the following spells:

 Spells                   Type           Power      Damage    Failure   Level
 Lee's Rapid Deconstruct  Erth           29%        3d15*     1%          5
 Sting                    Tmut/Pois      100%       1d8       1%          1
 Summon Small Mammal      Summ           100%       N/A       1%          1
 Momentum Strike          Conj/Tloc      100%       3d10      1%          2
 Poisonous Vapours        Pois/Air       70%        N/A       1%          2
 Slow                     Hex            100%       N/A       2%          1
 Cigotuvi's Dreadful Rot  Necr/Pois/Air  64%        N/A       2%          2
 Lesser Beckoning         Tloc           66%        N/A       2%          2
 Irradiate                Conj/Tmut      28%        3d21      2%          5
 Sublimation of Blood     Necr           27%        N/A       4%          2
 Olgreb's Toxic Radiance  Pois           35%        N/A       4%          4
 Call Canine Familiar     Summ           33%        N/A       5%          3
 Gell's Gravitas          Tloc           33%        N/A       5%          3
 Teleport Other           Tloc           33%        N/A       5%          3
 Animate Armour           Summ/Erth      96%        N/A       6%          4
 Summon Guardian Golem    Hex/Summ       30%        N/A       7%          3
 Petrify                  Tmut/Erth      45%        N/A       8%          4
 Blade Hands              Tmut           13%        N/A       58%         5
 Lehudib's Crystal Spear  Conj/Erth      33%        10d9      78%         8


Dungeon Overview and Level Annotations

Branches:
Dungeon (13/15)            Temple (1/1) D:6            Lair (0/5) D:11
    Orc (0/2) D:10
 Vaults: D:13-14

Altars:
Ashenzari
Cheibriados
Dithmenos
Elyvilon
Fedhas
Gozag
Hepliaklqana
Kikubaaqudgha
Makhleb
Nemelex Xobeh
Okawaru
Qazlal
Ru
Sif Muna
Trog
Uskayaw
Vehumet
Wu Jian
Xom
Yredelemnul
Zin
The Shining One

Shops:
D:3 =   D:5 *   D:9 *

Portals:
Trove: D:11 (give +6 demon blade)

Annotations:
D:9 1 runed translucent door


Message History

The centaur is incinerated.
Vehumet accepts your kill.
You feel your power returning.
You hear a sizzling splash.
A centaur warrior comes into view. It is wielding a +0 falchion.
The centaur is engulfed in noxious fumes.
The centaur appears confused.
The centaur is engulfed in noxious fumes.
The centaur appears confused.
The centaur hits the orc.
The centaur barely misses the orc.
The orc is engulfed in noxious fumes.
The orc appears confused.
Unknown command.
Found an escape hatch in the floor.
The vault guard shouts!
You hear a shout!
The centaur is engulfed in noxious fumes.
The centaur appears confused.
The centaur is engulfed in noxious fumes.
The centaur appears confused.
The centaur hits the centaur warrior.
The centaur kicks the centaur warrior but does no damage.
The centaur warrior wields a +0 shortbow.
The centaur warrior shoots an arrow.
The arrow hits you!
An orc wizard comes into view. It is wielding a +0 dagger.
The orc is engulfed in noxious fumes.
The orc appears confused.
Unknown command.
Unknown command.
The centaur is engulfed in noxious fumes.
The centaur appears confused.
The centaur unwields a +0 shortbow.
The centaur hits something.
The centaur kicks something but does no damage.
The centaur hits itself but does no damage.
The centaur kicks itself.
Something hits the centaur warrior.
Something kicks the centaur warrior.
The centaur warrior is engulfed in noxious fumes.
You hear a shout!
You hear a shout!
The centaur warrior is engulfed in noxious fumes.
The centaur warrior unwields a +0 falchion.
The centaur warrior wields a +0 longbow.
The centaur warrior shoots an arrow.
The arrow hits you!!
You die...

....................$..
...........occp.........
........§u..c○..........
.......≈§§§°c..#####....
.......≈§§≈≈.o.# #...≈
.......≈§§≈§...# #..≈≈
.......≈≈≈≈≈.c.# #...≈
...........≈≈≈≈≈.c.#####....
...........@.....†..........
.......................(....
..○..........................
≈≈...°○.........................
≈≈§.....○........................
≈≈§.....°≈§≈§≈...................
.......○○≈≈§≈≈...................
.........§§≈§§§..?...............
.........≈≈§≈≈§..................


You could see a vault guard, 2 centaur warriors, 4 centaurs and an orc priest.

Vanquished Creatures
  A sphinx (D:12)
  A fire giant (D:12)
  Azrael (D:13)
  2 centaur warriors
  3 boulder beetles
  6 two-headed ogres
  A deep elf archer (D:12)
  An ugly thing (D:12)
  An orc sorcerer (D:7)
  Joseph (D:7)
  A centaur zombie (D:12)
  A rime drake (D:11)
  2 unseen horrors
  2 guardian mummies (D:11)
  A polar bear (D:11)
  A meliai (D:12)
  3 trolls
  Grinder (D:3)
  A meliai zombie (D:12)
  Sigmund (D:3)
  5 shadows
  A wraith (D:10)
  9 yaks
  3 fire elementals (D:13)
  A vampire mosquito (D:12)
  A steam dragon (D:9)
  2 wargs (D:10)
  5 acid dragons
  A hell hound (D:13)
  2 sky beasts
  14 orc warriors
  3 ice beasts
  2 wolves (D:11)
  13 centaurs
  3 ogres
  3 phantoms
  4 kobold brigands
  2 bullfrogs
  A gnoll sergeant (D:6)
  3 scorpions
  5 wights (D:8)
  6 killer bees
  An electric eel (D:10)
  4 howler monkeys (D:9)
  A lava snake (D:10)
  A crimson imp (D:4)
  A jelly (D:8)
  4 hounds
  5 orc priests
  4 iguanas
  Ijyb (D:3)
  Natasha (thrice) (D:3)
  15 orc wizards
  4 gnolls (D:6)
  4 adders
  A shadow imp (D:5)
  3 ufetubi
  2 worms (D:2)
  2 dart slugs
  32 orcs
  7 ball pythons
  6 endoplasms
  9 giant cockroaches
  8 hobgoblins
  6 jackals
  22 kobolds
  A quokka (D:3)
  A bat (D:9)
  5 frilled lizards
  9 goblins
  4 rats
  A bush (D:9)
  5 butterflies (D:9)
293 creatures vanquished.

Vanquished Creatures (collateral kills)
  A killer bee (D:8)
  8 foxfires (D:9)
9 creatures vanquished.

Vanquished Creatures (others)
  An ugly thing (D:12)
  8 bushes (D:12)
  348 foxfires
  8 plants (D:6)
  3 withered plants (D:3)
368 creatures vanquished.

Grand Total: 670 creatures vanquished

Notes
Turn   | Place    | Note
-------+----------+-------------------------------------------
     0 | D:1      | pokeman the Deep Elf Hedge Wizard began the quest for the
                  | Orb.
     0 | D:1      | Reached XP level 1. HP: 10/10 MP: 7/7
   307 | D:1      | Reached XP level 2. HP: 15/15 MP: 2/9
  1343 | D:2      | Noticed a phantom
  1407 | D:2      | Reached skill level 5 in Spellcasting
  1520 | D:2      | Reached XP level 3. HP: 20/20 MP: 9/11
  1524 | D:2      | Learned a level 3 spell: Mephitic Cloud
  1527 | D:2      | Learned a level 2 spell: Call Imp
  1530 | D:2      | Learned a level 2 spell: Blink
  1537 | D:2      | You fall into a shaft and drop 1 floor!
  1539 | D:3      | Noticed Sigmund
  1651 | D:3      | Noticed Natasha
  1675 | D:3      | Killed Natasha
  1676 | D:3      | Reached skill level 1 in Fighting
  1676 | D:3      | Reached skill level 1 in Armour
  1697 | D:3      | Found a bloodstained altar of Trog.
  1720 | D:3      | Reached XP level 4. HP: 25/25 MP: 5/13
  1849 | D:3      | Found an opulent altar of Gozag.
  2065 | D:2      | Learned a level 3 spell: Stone Arrow
  2255 | D:2      | Killed a phantom
  2256 | D:2      | Reached skill level 6 in Spellcasting
  2256 | D:2      | Reached XP level 5. HP: 23/29 MP: 0/15
  2599 | D:3      | Noticed Ijyb
  2607 | D:3      | Noticed Grinder
  2608 | D:3      | Paralysed by Grinder for 2 turns
  2648 | D:3      | Paralysed by Grinder for 4 turns
  2761 | D:3      | Killed Grinder
  2762 | D:3      | Reached skill level 1 in Air Magic
  2762 | D:3      | Reached skill level 1 in Earth Magic
  2762 | D:3      | Reached skill level 1 in Poison Magic
  2762 | D:3      | Reached XP level 6. HP: 28/34 MP: 3/17
  2906 | D:3      | Killed Ijyb
  2907 | D:3      | Reached skill level 7 in Spellcasting
  3047 | D:3      | Found Joidd's Jewellery Shop.
  3048 | D:3      | Noticed Natasha
  3054 | D:3      | Killed Natasha
  3096 | D:3      | Killed Sigmund
  3097 | D:3      | Reached XP level 7. HP: 24/38 MP: 1/20
  3125 | D:3      | Noticed Natasha
  3140 | D:3      | Killed Natasha
  3283 | D:3      | Found an ancient bone altar of Kikubaaqudgha.
  3803 | D:4      | Reached skill level 8 in Spellcasting
  4086 | D:4      | Reached skill level 1 in Ice Magic
  4086 | D:4      | Reached skill level 1 in Evocations
  4286 | D:4      | Found a burning altar of Makhleb.
  4399 | D:4      | Found a radiant altar of Vehumet.
  4406 | D:4      | Became a worshipper of Vehumet
  4480 | D:5      | Entered Level 5 of the Dungeon
  4480 | D:5      | Found Eqil's General Store.
  4483 | D:5      | Bought a potion of curing for 30 gold pieces
  4483 | D:5      | Bought a scroll of identify for 20 gold pieces
  4758 | D:5      | Reached skill level 9 in Spellcasting
  4758 | D:5      | Reached XP level 8. HP: 43/43 MP: 12/23
  5396 | D:6      | Found a staircase to the Ecumenical Temple.
  5411 | Temple   | Entered the Ecumenical Temple
  5630 | D:6      | Found a white marble altar of Elyvilon.
  5659 | D:6      | Reached skill level 5 in Conjurations
  6123 | D:6      | Reached skill level 10 in Spellcasting
  6394 | D:6      | Reached * piety under Vehumet
  6394 | D:6      | Offered knowledge of Foxfire by Vehumet.
  6397 | D:6      | Learned a level 1 spell: Foxfire
  6488 | D:6      | Found an iron altar of Okawaru.
  6614 | D:7      | Noticed an orc sorcerer
  6624 | D:7      | Killed an orc sorcerer
  6625 | D:7      | Reached skill level 5 in Earth Magic
  6625 | D:7      | Reached XP level 9. HP: 49/49 MP: 14/25
  6629 | D:7      | Reached skill level 11 in Spellcasting
  6820 | D:7      | Noticed Joseph
  6840 | D:7      | Killed Joseph
  7356 | D:8      | Found a hazy altar of Hepliaklqana.
  7375 | D:8      | Found an ornate altar of the Wu Jian Council.
  7481 | D:8      | Reached skill level 12 in Spellcasting
  7512 | D:8      | Found a basalt altar of Yredelemnul.
  7635 | D:8      | Reached skill level 1 in Fire Magic
  7643 | D:8      | Reached skill level 1 in Shields
  8240 | D:3      | Bought the ring of Celaapt {Fly Int+5} for 490 gold pieces
  8406 | D:9      | Found a shimmering altar of Xom.
  8567 | D:9      | Found a snail-covered altar of Cheibriados.
  8649 | D:9      | Reached XP level 10. HP: 40/54 MP: 10/28
  8815 | D:9      | Found Elecsuus's Hallowed Reliquary.
  8816 | D:9      | Noticed an angel
  8847 | D:9      | Reached skill level 13 in Spellcasting
  8995 | D:9      | Noticed a two-headed ogre
  9001 | D:9      | Killed a two-headed ogre
  9005 | D:9      | Reached ** piety under Vehumet
  9109 | D:9      | Found a stormy altar of Qazlal.
  9151 | D:9      | Found a runed translucent door.
  9158 | D:9      | Found a runed translucent door.
  9337 | D:9      | Found a sacrificial altar of Ru.
  9341 | D:9      | Offered knowledge of Searing Ray by Vehumet.
  9485 | D:10     | Entered Level 10 of the Dungeon
  9669 | D:10     | Noticed a centaur warrior
  9678 | D:10     | Killed a centaur warrior
  9679 | D:10     | Reached skill level 14 in Spellcasting
  9817 | D:10     | Noticed a two-headed ogre
  9825 | D:10     | Killed a two-headed ogre
 10174 | D:10     | Reached XP level 11. HP: 58/58 MP: 20/31
 10229 | D:10     | Found a staircase to the Orcish Mines.
 10255 | D:10     | Reached skill level 5 in Fire Magic
 10544 | D:10     | Offered knowledge of Ignite Poison by Vehumet.
 11106 | D:11     | Reached skill level 15 in Spellcasting
 11269 | D:11     | Noticed a two-headed ogre
 11296 | D:11     | Killed a two-headed ogre
 11296 | D:11     | Reached *** piety under Vehumet
 11579 | D:11     | Found a staircase to the Lair.
 11839 | D:11     | Found a portal to a secret trove of treasure.
 12218 | D:12     | Offered knowledge of Hailstorm by Vehumet.
 12369 | D:12     | Reached skill level 16 in Spellcasting
 12676 | D:12     | Learned a level 6 spell: Iron Shot
 13218 | D:12     | Found a basalt altar of Yredelemnul.
 13334 | D:13     | Noticed a two-headed ogre
 13342 | D:13     | Killed a two-headed ogre
 13353 | D:13     | Noticed Azrael
 13426 | D:12     | Noticed a fire giant
 13433 | D:12     | Killed a fire giant
 13434 | D:12     | Reached XP level 12. HP: 35/66 MP: 10/34
 13572 | D:12     | Noticed a boulder beetle
 13579 | D:12     | Reached **** piety under Vehumet
 13587 | D:12     | Killed a boulder beetle
 13588 | D:12     | Reached skill level 10 in Conjurations
 13736 | D:12     | Noticed a sphinx
 13751 | D:12     | Killed a sphinx
 13752 | D:12     | Reached skill level 17 in Spellcasting
 14013 | D:12     | Noticed a two-headed ogre
 14019 | D:12     | Noticed a two-headed ogre
 14020 | D:12     | Killed a two-headed ogre
 14031 | D:12     | Killed a two-headed ogre
 14031 | D:12     | Offered knowledge of Lee's Rapid Deconstruction by Vehumet.
 14080 | D:12     | Noticed a boulder beetle
 14198 | D:12     | Killed a boulder beetle
 14464 | D:13     | Killed Azrael
 14648 | D:13     | Noticed a centaur warrior
 14671 | D:13     | Noticed a boulder beetle
 14676 | D:13     | Noticed a centaur warrior
 14677 | D:13     | Killed a boulder beetle
 14681 | D:13     | Killed a centaur warrior
 14682 | D:13     | Reached skill level 18 in Spellcasting
 14684 | D:13     | Noticed a centaur warrior
 14685 | D:13     | Noticed a vault guard
 14687 | D:13     | Shot with an arrow by a centaur warrior

Illustrated notes

Levels and vault maps discovered:
D:1:      dpeg_arrival_arbitrary_c, layout_basic
D:2:      layout_rooms
D:3:      layout_loops_ring, mainiacjoe_overflow_paths, general_overflow_altar,
          kiku_gazebo_garden_becter, serial_shops, shop, minivault_5,
          uniq_sigmund, uniq_ijyb, uniq_natasha, uniq_grinder
D:4:      layout_cave_pools, grunt_temple_overflow_lords_of_destruction
D:5:      layout_gridville, nicolae_stop_n_shop_2
D:6:      layout_loops_cross, lemuel_coloured_pillars_altar,
          mainiacjoe_overflow_concentric_impassable, minmay_temple_entry_ruins,
          lexackson_kobold_supper
D:7:      cheibrodos_wizards_tower, layout_rooms, uniq_joseph
D:8:      layout_basic, mainiacjoe_overflow_catwalk, nzn_hepliaklqana_mist_gate,
          lemuel_crystal_altar
D:9:      lemuel_insect_pit, layout_cave_pools,
          nicolae_ru_great_annihilating_truth, mainiacjoe_overflow_alcove_4,
          mainiacjoe_overflow_alcove_2, mainiacjoe_overflow_surrounded_room,
          nicolae_good_shop
D:10:     layout_basic, david_orc_1_choice, minmay_parallelograms,
          nicolae_lava_and_water
D:11:     layout_basic, hellmonk_lair_entry_icy,
          nicolae_trove_entry_path_of_doom, minmay_misc_feat_five
D:12:     minmay_klotski, layout_loops_cross, special_room [special_room_orc],
          lemuel_zombie_altar_yredelemnul
D:13:     layout_big_octagon, erik_vaults_2, uniq_azrael
Temple:   hellmonk_temple_beads

Skill      XL: |  1  2  3  4  5  6  7  8  9 10 11 12 |
---------------+-------------------------------------+-----
Spellcasting   | 5 6 7 9 10 12 14 16 18 | 18.1
Fighting       | 1 2 4 |  4.0
Armour         | 1 2 3 4 |  4.1
Conjurations   | 2 3 4 5 7 8 9 10 | 10.8
Dodging        | 3 |  3.0
Stealth        | 3 |  3.2
Air Magic      | 1 |  1.3
Earth Magic    | 1 2 3 5 6 |  6.0
Poison Magic   | 1 |  1.4
Ice Magic      | 1 |  1.0
Evocations     | 1 |  1.0
Fire Magic     | 2 4 7 8 |  8.4
Shields        | 1 3 4 |  4.2
Summonings     | |  1.1
Translocations | |  1.1

Action                     |  1- 3 |  4- 6 |  7- 9 | 10-12 || total
---------------------------+-------+-------+-------+-------++-------
  Melee: Dagger            |    19 |    15 |    12 |       ||    46
         Club              |       |     3 |    30 |       ||    33
         Rapier            |       |       |    28 |    78 ||   106
         Punch             |       |       |     1 |     1 ||     2
         Whip              |       |       |       |    18 ||    18
   Cast: Magic Dart        |    71 |    51 |   102 |     8 ||   232
         Mephitic Cloud    |     1 |     5 |    10 |    40 ||    56
         Stone Arrow       |       |    10 |    68 |   148 ||   226
         Call Imp          |       |     1 |       |     1 ||     2
         Foxfire           |       |       |    72 |   127 ||   199
         Iron Shot         |       |       |       |    22 ||    22
         Blink             |       |       |       |     2 ||     2
    Use: Scroll            |       |       |     8 |       ||     8
   Stab: Sleeping          |     1 |     2 |       |       ||     3
         Confused          |     1 |     3 |     5 |    10 ||    19
         Distracted        |       |       |       |     1 ||     1
 Armour: Robe              |     4 |     2 |    17 |       ||    23
         Leather armour    |       |       |    10 |       ||    10
         Acid dragon scale |       |       |     6 |    62 ||    68
  Dodge: Dodged            |     6 |    10 |    55 |    91 ||   162

Table legend: (Time is in decaauts)
 A = Elapsed time spent in this place.
 B = Non-inter-level travel time spent in this place.
 C = Inter-level travel time spent in this place.
 D = Time resting spent in this place.
 E = Time spent auto-exploring this place.
 F = Levels seen in this place.
 G = Mean time per level.
                   A        B        C        D        E       F      G
               +--------+--------+--------+--------+--------+-----+--------+
         Total |  14727 |  13951 |    776 |   1247 |  10322 |  14 | 1051.9 |
       Dungeon |  14485 |  13725 |    760 |   1247 |  10145 |  13 | 1114.2 |
        Temple |    242 |    227 |     15 |      0 |    177 |   1 |  242.0 |
               +--------+--------+--------+--------+--------+-----+--------+

Top non-repeatable levels by time:
    D:12: 2291 daAuts
    D:10: 1608 daAuts
     D:3: 1398 daAuts
     D:2: 1219 daAuts
     D:9: 1179 daAuts
     D:1: 1133 daAuts
     D:6: 1090 daAuts
     D:5: 933 daAuts
    D:11: 884 daAuts
     D:4: 833 daAuts
     D:8: 747 daAuts
     D:7: 727 daAuts
    D:13: 436 daAuts
  Temple: 242 daAuts
